 Dungeon Crawl Stone Soup version 0.31-a0-217-g58bb5d79cf (webtiles) character file.

Game seed: 3810816890134570188

68 frimble the Cutter (level 4, 0/31 HPs)
             Began as an Octopode Warper on July 3, 2023.
             Slain by Grinder (4 damage)
             ... while paralysed by Grinder
             ... on level 3 of the Dungeon.
             The game lasted 00:01:50 (1111 turns).

frimble the Cutter (Octopode Warper)                Turns: 1111, Time: 00:01:50

Health: 0/31       AC:  1    Str: 10    XL:     4   Next: 19%
Magic:  7/7        EV:  2    Int: 17    God:
Gold:   64         SH:  0    Dex: 11    Spells: 4/7 levels left

rFire   . . .        a - +0 short sword
rCold   . . .        (no shield)
rNeg    . . .        (helmet restricted)
rPois   .            (no amulet)
rElec   .            (no ring)
rCorr   .            (no ring)
SInv    .            (no ring)
Will    .....        (no ring)
Stlth   ++           (no ring)
HPRegen 0.25/turn    (no ring)
MPRegen 0.10/turn    (no ring)
                     (no ring)

%: no passive effects
@: paralysed
A: almost no armour, amphibious, 8 rings, camouflage 1, gelatinous body 1,
(nimble swimmer 1), tentacles
a: no special abilities


You were on level 3 of the Dungeon.
You visited 1 branch of the dungeon, and saw 3 of its levels.

You collected 64 gold pieces.

Inventory:

Hand Weapons
 a - a +0 short sword (weapon)
Missiles
 c - 7 boomerangs of dispersal (quivered)
Scrolls
 b - 2 scrolls of blinking


   Skills:
 - Level 3.3 Fighting
 + Level 3.3 Short Blades
 - Level 1.0 Throwing
 - Level 2.3 Dodging
 - Level 2.0 Spellcasting
 - Level 3.0 Translocations


You had 4 spell levels left.
You knew the following spells:

 Your Spells              Type           Power      Damage    Failure   Level
a - Blink                 Tloc           22%        N/A       9%          2
b - Apportation           Tloc           22%        N/A       5%          1

Your spell library contained the following spells:

 Spells                   Type           Power      Damage    Failure   Level
 Lesser Beckoning         Tloc           22%        N/A       9%          2
 Teleport Other           Tloc           11%        N/A       17%         3
 Vhi's Electric Charge    Tloc/Air       12%        N/A       30%         3
 Manifold Assault         Tloc           11%        N/A       50%         4
 Alistair's Intoxication  Tmut/Pois      0%         N/A       99%         5


Dungeon Overview and Level Annotations

Branches:
Dungeon (3/15)

Altars:

Annotations:
D:3 Grinder


Innate Abilities, Weirdness & Mutations

You cannot wear most types of armour.
You are amphibious.
You can wear up to eight rings at the same time.
Your skin changes colour to match your surroundings (Stealth+).
Your rubbery body absorbs attacks. (AC +1, EV +1)
((You are camouflaged when in or above water. (Stealth+)))
You have tentacles for arms and can constrict up to eight enemies at once.


Message History

Grinder hits you.
You writhe in agony.
You are too injured to fight recklessly!
You are too injured to fight recklessly!
Unknown command.
You hit Grinder.
Grinder is heavily wounded.
You constrict Grinder. Grinder hits you.
You writhe in agony.
You hit Grinder but do no damage. You squeeze Grinder!
Grinder is almost dead.
You constrict Grinder.
Grinder blinks free!
You feel better.
You barely miss Grinder. You grab Grinder.
Grinder is almost dead.
You constrict Grinder. You completely miss Grinder.
Grinder is almost dead.
You constrict Grinder.
Grinder says, "My boss said I was rubbish.
His entrails said otherwise."
Grinder blinks free!
You hit Grinder. You grab Grinder.
Grinder is almost dead.
You constrict Grinder. Grinder hits you.
You writhe in agony.
You hit Grinder but do no damage.
Grinder is almost dead.
You constrict Grinder, but do no damage.
Grinder hits you!
* * * LOW HITPOINT WARNING * * *
You writhe in agony.
* * * LOW HITPOINT WARNING * * *
You hit Grinder but do no damage.
Grinder is almost dead.
You constrict Grinder. Grinder gestures at you.
You suddenly lose the ability to move!
You lose your grip on Grinder.
Grinder gestures at you. You resist with significant effort. Grinder hits you.
* * * LOW HITPOINT WARNING * * *
You writhe in agony.
You die...

.. ##### ####.### #...
.#.... #.## # ......##
#..# ####..##.....
##@####....###....#
#####5..........#.....
#..........######.....##
#......###.......##.....
#...... #.......####...
#...... #.......###>...
#...... ##..............
#########............#..
######.........#####..


You could see Grinder.

Vanquished Creatures
  Jessica (D:2)
  An adder (D:2)
  2 worms (D:2)
  6 endoplasms
  4 jackals (D:1)
  2 quokkas (D:1)
  6 bats
  A frilled lizard (D:2)
  A goblin (D:2)
  3 rats
27 creatures vanquished.

Notes
Turn   | Place    | Note
-------+----------+-------------------------------------------
     0 | D:1      | frimble the Octopode Warper began the quest for the Orb.
     0 | D:1      | Reached XP level 1. HP: 14/14 MP: 3/3
    75 | D:1      | Reached XP level 2. HP: 8/20 MP: 5/5
    78 | D:1      | Learned a level 2 spell: Blink
   657 | D:2      | Reached XP level 3. HP: 25/25 MP: 6/6
   730 | D:2      | Noticed Jessica
   733 | D:2      | Learned a level 1 spell: Apportation
   749 | D:2      | Killed Jessica
   906 | D:2      | Found a faded altar of an unknown god.
   944 | D:2      | Reached XP level 4. HP: 22/31 MP: 7/7
  1088 | D:3      | Noticed Grinder
  1109 | D:3      | Paralysed by Grinder for 4 turns
  1111 | D:3      | Slain by Grinder

Illustrated notes

Levels and vault maps discovered:
D:1:      dpeg_arrival_pits, layout_rooms
D:2:      layout_loops_ring, hellmonk_ecumenical_altar_crossroads,
          corexii_corridor_pit, minmay_misc_feat_ornament, uniq_jessica
D:3:      minmay_razor_zed, layout_rooms, uniq_natasha, uniq_grinder

Skill      XL: |  1  2  3 |
---------------+----------+-----
Fighting       | 3 |  3.3
Short Blades   | 3 |  3.3
Throwing       | |  1.0
Dodging        | |  2.3
Spellcasting   | |  2.0
Translocations | |  3.0

Action                     |  1- 3 |  4- 6 || total
---------------------------+-------+-------++-------
  Melee: Short sword       |    77 |    18 ||    95
         Tentacles         |    16 |     3 ||    19
         Constrict         |    14 |     4 ||    18
    Use: Scroll            |     1 |       ||     1
         Potion            |     1 |     1 ||     2
   Stab: Sleeping          |     6 |     1 ||     7
 Armour: Skin              |     7 |       ||     7
  Dodge: Dodged            |    38 |     2 ||    40

Table legend: (Time is in decaauts)
 A = Elapsed time spent in this place.
 B = Non-inter-level travel time spent in this place.
 C = Inter-level travel time spent in this place.
 D = Time resting spent in this place.
 E = Time spent auto-exploring this place.
 F = Levels seen in this place.
 G = Mean time per level.
                   A        B        C        D        E       F      G
               +--------+--------+--------+--------+--------+-----+--------+
         Total |   1101 |   1086 |     15 |      0 |    758 |   3 |  367.0 |
       Dungeon |   1101 |   1086 |     15 |      0 |    758 |   3 |  367.0 |
               +--------+--------+--------+--------+--------+-----+--------+

Top non-repeatable levels by time:
     D:1: 501 daAuts
     D:2: 495 daAuts
     D:3: 104 daAuts
